Selects Air and Sea Battlegroup
Construct Section Command Post
Construct Platoon Command Post
Selects Commando Section Paradrop
Selects M1 Pack Howitzer Paradrop
Commando Section Paradrop
Commando Section Paradrop
6-pounder Anti-tank Gun Team
Construct Company Command Post
Selects Incendiary Bombing Run
Selects Naval Bombardment
Unlock M3 Grant Medium Tanks
6-pounder Anti-tank Gun Team
Commando Section Paradrop